 Dungeon Crawl Stone Soup version bcrawl-1.20 (webtiles) character file.

Game seed: 4782426459367306414

9823 MisterOstroum the Grappler (level 11, -4/98 HPs)
             Began as a Troll Wanderer on Jan 20, 2020.
             Was a Believer of Cheibriados.
             Hit by a large rock thrown by a cyclops (10 damage)
             ... on level 10 of the Dungeon.
             The game lasted 00:26:19 (10830 turns).

MisterOstroum the Grappler (Troll Wanderer)        Turns: 10830, Time: 00:26:20

Health: -4/98      AC: 10    Str: 26 (29) XL:     11   Next: 28%
Magic:  14/14      EV: 10    Int: 20 (21) God:    Cheibriados [**....]
Gold:   737        SH:  0    Dex:  8 (11) Spells: 11/16 levels left

rFire    . . .     SeeInvis .     - Unarmed
rCold    . . .     Gourm    +   (no shield)
rNeg     . . .     Faith    .   (armour unavailable)
rPois    .         Spirit   .   (helmet restricted)
rElec    .         Reflect  .   v - +0 cloak
rCorr    .         Harm     .   (gloves unavailable)
MR       .....                  (boots unavailable)
Stlth    ++........             (no amulet)
HPRegen  0.66/turn              I - +5 ring of intelligence
MPRegen  0.14/turn              (no ring)

@: very slow
A: large, almost no armour, unfitting armour, claws 3, talons 1, blurry vision
1, clumsy 1, deterioration 2, fast metabolism 3, frail 1, gourmand, regeneration
1, screaming 2, AC +9
a: Bend Time, Renounce Religion


You were on level 10 of the Dungeon.
You worshipped Cheibriados.
Cheibriados was pleased with you.
You were very full.

You visited 2 branches of the dungeon, and saw 11 of its levels.

You collected 737 gold pieces.

Inventory:

Hand Weapons
 a - a +0 blowgun
 i - a +0 hunting sling
 w - a +0 dire flail of crushing
Missiles
 k - 1937 stones
 l - 225 poisoned needles
 s - 1973 sling bullets
 F - 179 javelins (quivered)
 G - 68 arrows
 H - 126 tomahawks
 P - 2 throwing nets {!f!f}
Armour
 j - a +0 large shield
 v - a +0 cloak (worn)
Jewellery
 D - an uncursed ring of ice
 I - a +5 ring of intelligence (left claw)
Wands
 d - a wand of enslavement (15)
 B - a wand of disintegration (16)
 C - a wand of polymorph (6)
 K - a wand of iceblast (2)
 N - a wand of random effects (6)
Scrolls
 f - a scroll of magic mapping {unknown}
 g - 2 scrolls of fog {!r}
 m - a scroll of noise {unknown}
 q - a scroll of silence {unknown}
 r - 2 scrolls of fear {unknown}
 t - 2 scrolls of teleportation {@r3 !r}
 x - a scroll of enchant armour {unknown}
 y - 3 scrolls of identify {@r1}
 E - 2 scrolls of amnesia
 L - 3 scrolls of immolation {unknown}
 M - 2 scrolls of remove curse {@r2}
 R - a scroll of vulnerability {unknown}
Potions
 b - 7 potions of might {@q3 !q}
 c - 3 potions of cancellation
 h - a potion of invisibility {unknown}
 n - 2 potions of mutation
 o - 2 potions of curing {@q1 !q}
 p - a potion of agility {unknown}
 u - 2 potions of heal wounds
 z - 2 potions of resistance
 A - a potion of brilliance
 J - a potion of berserk rage {unknown}
 Q - 2 potions of haste {unknown}
Comestibles
 e - 24 rations {!d}


   Skills:
 * Level 7.4 Fighting
 - Level 4.0 Throwing
 + Level 3.2 Dodging
 - Level 1.9 Stealth
 * Level 9.0 Unarmed Combat
 + Level 3.0 Spellcasting
   Level 1.0 Hexes
   Level 1.0 Necromancy
 + Level 4.4 Translocations
 - Level 3.0 Transmutations
 - Level 4.9 Poison Magic
 + Level 1.6 Invocations
 + Level 3.3 Evocations


You had 11 spell levels left.
You knew the following spells:

 Your Spells              Type           Power        Failure   Level  Hunger
B - Blink                 Tloc           N/A          3%          2    ##.....
S - Spider Form           Tmut/Pois      ###          9%          3    ###....

Your spell library contained the following spells:

 Spells                   Type           Power        Failure   Level  Hunger
 Blink Other              Tloc           ###...       2%          1    None
 Portal Projectile        Tloc           ###...       7%          3    ###....
 Teleport Other           Tloc           ###.....     7%          3    ###....
 Magic Dart               Conj           #...         14%         1    None
 Call Imp                 Summ           #.....       22%         2    ##.....
 Mephitic Cloud           Conj/Pois/Air  #.......     22%         3    ###....
 Conjure Flame            Conj/Fire      #.......     38%         3    ###....
 Passage of Golubria      Tloc           N/A          54%         5    ######.


Dungeon Overview and Level Annotations

Branches:
Dungeon (10/12)            Temple (1/1) D:7            Lair (0/6) D:7
    Orc: D:8-11

Altars:
Ashenzari
Cheibriados
Dithmenos
Elyvilon
Fedhas
Gozag
Hepliaklqana
Kikubaaqudgha
Lugonu
Makhleb
Nemelex Xobeh
Okawaru
Qazlal
Ru
Sif Muna
Uskayaw
Vehumet
Wu Jian
Xom
Yredelemnul
Zin
The Shining One

Shops:
D:5 %

Annotations:
D:6 BISTO BLYAT


Innate Abilities, Weirdness & Mutations

You cannot wear most types of armour.
Your thick skin is tough. (AC +9)
You are too large for most types of armour.
You have claws for hands.
Your metabolism is lightning-fast.
You like to eat raw meat.
Your natural rate of healing is unusually fast.
You have sharp toenails.
Scrolls take you a little longer to read.
You are clumsy. (Dex -2)
Your body often deteriorates upon taking damage.
You are frail. (-10% HP)
You sometimes yell uncontrollably at your foes.


Message History

You throw a javelin.
The javelin barely misses the centaur warrior skeleton.
You mangle the centaur warrior skeleton!!
The centaur warrior skeleton is severely damaged.
The centaur warrior skeleton hits you but does no damage.
You barely miss the centaur warrior skeleton.
The centaur warrior skeleton is severely damaged.
The centaur warrior skeleton barely misses you.
You mangle the centaur warrior skeleton!!
You claw the centaur warrior skeleton.
The centaur warrior skeleton is almost destroyed.
The centaur warrior skeleton hits you but does no damage.
You claw the centaur warrior skeleton!
You destroy the centaur warrior skeleton!
Cheibriados thoroughly appreciates the change of pace.
Your Unarmed Combat skill increases to level 9!
Your Spellcasting skill increases to level 3!
No target in view!
No target in view!
No target in view!
No target in view!
No target in view!
No target in view!
HP restored.
You open the door.
There is an open door here.
Found a plate armour.
You open the door.
There is an open door here.
Xom's power brushes against you for a moment.
Your body is suffused with distortional energy.
Your vision blurs.
You feel the urge to shout.
You feel a strong urge to yell.
Your toenails lengthen and sharpen.
t - 2 scrolls of teleportation {@r3 !r} (gained 1)
You open the door.
There is an open door here.
J - a bubbling green potion You open the door.
There is an open door here.
You open the door.
There is an open door here.
You open the door.
There is an open door here.
There is an open door here.
There is an open door here.
Q - 2 amethyst potions (gained 1)
You open the door.
There is an open door here.
You open the door.
There is an open door here.
You now have 737 gold pieces (gained 17).
A cyclops comes into view.
A cyclops is nearby!
A cyclops is nearby!
The cyclops shouts!
The cyclops throws a large rock.
The large rock barely misses you.
Throwing (i - inventory. (/) - cycle)
F - 185 javelins (quivered)
Press: ? - help, Shift-Dir - straight line, f - cyclops
Aim: a cyclops, quivering 65 large rocks You throw a javelin.
The javelin hits the cyclops!
The cyclops is lightly wounded.
The cyclops throws a large rock.
The large rock hits you!!!
Throwing (i - inventory. (/) - cycle)
F - 184 javelins (quivered)
Press: ? - help, Shift-Dir - straight line, f/p - cyclops
Aim: a cyclops, quivering 64 large rocks (lightly wounded)
You throw a javelin. The javelin hits the cyclops.
The cyclops is moderately wounded.
The cyclops throws a large rock.
The large rock hits you!!
Your body deteriorates!
You feel weakened.
You are too injured to fight recklessly!
You are too injured to fight recklessly!
You are too injured to fight recklessly!
You are too injured to fight recklessly!
Throwing (i - inventory. (/) - cycle)
F - 183 javelins (quivered)
Press: ? - help, Shift-Dir - straight line, f/p - cyclops
Aim: a cyclops, quivering 63 large rocks (moderately wounded)
You throw a javelin. The javelin hits the cyclops.
The cyclops is moderately wounded.
The cyclops throws a large rock.
The large rock hits you.
* * * LOW HITPOINT WARNING * * *
Throwing (i - inventory. (/) - cycle)
F - 182 javelins (quivered)
Press: ? - help, Shift-Dir - straight line, f/p - cyclops
Aim: a cyclops, quivering 62 large rocks (moderately wounded)
You throw a javelin. The javelin hits the cyclops.
The cyclops is heavily wounded.
Throwing (i - inventory. (/) - cycle)
F - 181 javelins (quivered)
Press: ? - help, Shift-Dir - straight line, f/p - cyclops
Aim: a cyclops, quivering 62 large rocks (heavily wounded)
You throw a javelin. The javelin hits the cyclops.
The cyclops is heavily wounded.
The cyclops throws a large rock.
The large rock hits you!!
* * * LOW HITPOINT WARNING * * *
Throwing (i - inventory. (/) - cycle)
F - 180 javelins (quivered)
Press: ? - help, Shift-Dir - straight line, f/p - cyclops
Aim: a cyclops, quivering 61 large rocks (heavily wounded)
You throw a javelin.
The javelin hits the cyclops but does no damage.
The cyclops is heavily wounded.
The cyclops throws a large rock.
The large rock hits you!
You die...

#########
#.......#####
#....@..#...#
#.......#...#
#.......#...#
#.......'...#
#.......#...#
....######...#
.....#........#
...C..#........#
......#........#


You could see a cyclops.

Vanquished Creatures
  A centaur warrior (D:9)
  Pikel (D:4)
  A manticore (D:8)
  Maurice (D:8)
  2 centaur skeletons
  A merfolk (D:9)
  2 trolls
  Grinder (D:3)
  Prince Ribbit (D:7)
  2 slime creatures (D:6)
  A hippogriff (D:6)
  10 yaks
  Edmund (D:4)
  Menkaure (D:7)
  2 crocodiles
  A water moccasin (D:5)
  A porcupine (D:7)
  A sky beast (D:6)
  3 black bears
  4 ice beasts
  5 phantoms
  An eye of draining (D:7)
  4 ogres
  A centaur (D:8)
  9 bullfrogs
  3 big kobolds
  3 killer bees (D:8)
  4 wights (D:9)
  A howler monkey (D:6)
  A crimson imp (D:8)
  A bullfrog zombie (D:9)
  3 orc priests
  11 jellies
  9 hounds
  2 iguanas
  Natasha (thrice) (D:3)
  3 orc wizards
  3 worker ants
  4 gnolls (D:7)
  10 adders
  4 oozes
  3 adder skeletons
  An adder zombie (D:6)
  3 worms
  3 dart slugs
  6 leopard geckos
  22 orcs
  4 ball pythons
  A giant cockroach (D:2)
  2 goblins
  7 hobgoblins
  5 jackals (D:2)
  16 kobolds
  3 quokkas
  6 bats
  6 frilled lizards
  A quokka skeleton (D:4)
  8 rats
  A bush (D:1)
  A plant (D:1)
222 creatures vanquished.

Vanquished Creatures (others)
  A centaur skeleton (D:10)
  A porcupine (D:7)
  A slave (D:4)
  A centaur (D:7)
  A worker ant (D:7)
  A quokka (D:4)
  29 fungi
  9 plants (D:7)
  4 toadstools (D:6)
48 creatures vanquished.

Grand Total: 270 creatures vanquished

Notes
Turn   | Place    | Note
-------+----------+-------------------------------------------
     0 | D:1      | MisterOstroum the Troll Wanderer began the quest for the
                  | Orb.
     0 | D:1      | MisterOstroum set off with the following items: a +0 club,
                  | a wand of enslavement (15), 2 rations {!d}; and the
                  | following spells available to memorise: Blink Other, Blink,
                  | Magic Dart, Portal Projectile, Teleport Other, Call Imp,
                  | Spider Form, Mephitic Cloud, Conjure Flame, Passage of
                  | Golubria
     0 | D:1      | Reached XP level 1. HP: 16/16 MP: 2/2
   637 | D:1      | Reached XP level 2. HP: 17/26 MP: 3/3
   753 | D:1      | Learned a level 2 spell: Blink
  1112 | D:1      | Reached skill level 1 in Unarmed Combat
  1936 | D:2      | Reached XP level 3. HP: 29/32 MP: 4/4
  2044 | D:2      | Reached skill level 1 in Fighting
  2680 | D:2      | Gained mutation: Your natural rate of healing is unusually
                  | fast. [Troll growth]
  2680 | D:2      | Reached XP level 4. HP: 41/41 MP: 4/6
  3351 | D:3      | Noticed Natasha
  3356 | D:3      | Killed Natasha
  3356 | D:3      | Reached skill level 2 in Unarmed Combat
  3445 | D:3      | Reached XP level 5. HP: 49/49 MP: 7/7
  3556 | D:3      | Noticed Natasha
  3566 | D:3      | Killed Natasha
  4035 | D:3      | Noticed Grinder
  4048 | D:3      | Killed Grinder
  4048 | D:3      | Reached skill level 3 in Unarmed Combat
  4048 | D:3      | Reached XP level 6. HP: 43/59 MP: 8/8
  4112 | D:3      | Noticed Natasha
  4124 | D:3      | Killed Natasha
  4189 | D:4      | Reached XP level 7. HP: 66/66 MP: 9/9
  4371 | D:4      | Noticed Pikel
  4417 | D:4      | Killed Pikel
  4417 | D:4      | Reached skill level 4 in Unarmed Combat
  4417 | D:4      | Reached XP level 8. HP: 52/78 MP: 10/10
  4504 | D:4      | Reached skill level 5 in Unarmed Combat
  4525 | D:4      | Noticed Edmund
  4542 | D:4      | Killed Edmund
  4676 | D:4      | Found a sacrificial altar of Ru.
  4701 | D:4      | Became a worshipper of Ru the Awakened
  5082 | D:4      | Learned a level 3 spell: Spider Form
  5281 | D:5      | Entered Level 5 of the Dungeon
  5462 | D:5      | Reached skill level 6 in Unarmed Combat
  5462 | D:5      | Reached XP level 9. HP: 87/87 MP: 11/11
  5586 | D:5      | Found Saighoho's Food Emporium.
  5605 | D:5      | Reached skill level 5 in Fighting
  5605 | D:5      | Reached skill level 1 in Transmutations
  5914 | D:5      | Fell from the grace of Ru
  6289 | D:6      | Reached skill level 1 in Stealth
  6569 | D:6      | Reached skill level 7 in Unarmed Combat
  7223 | D:7      | Found a staircase to the Ecumenical Temple.
  7234 | D:7      | Noticed Menkaure
  7311 | D:7      | Killed Menkaure
  7311 | D:7      | Reached skill level 1 in Dodging
  7311 | D:7      | Reached XP level 10. HP: 77/98 MP: 9/12
  7318 | Temple   | Entered the Ecumenical Temple
  7441 | Temple   | Became a worshipper of Xom of Chaos
  7450 | Temple   | Fell from the grace of Xom
  7450 | Temple   | Became a worshipper of Cheibriados the Contemplative
  7608 | D:7      | Noticed Prince Ribbit
  7612 | D:7      | Killed Prince Ribbit
  7846 | D:7      | Reached * piety under Cheibriados
  7917 | D:7      | XOM: severe Conj miscast
  8053 | D:7      | Found a staircase to the Lair.
  8054 | D:7      | XOM: summons friendly ufetubus
  8058 | D:7      | Reached skill level 8 in Unarmed Combat
  8128 | D:7      | XOM: polymorph ufetubus -> shadow imp
  8180 | D:7      | Found a radiant altar of Vehumet.
  8188 | D:7      | XOM: give mutations
  8188 | D:7      | Gained mutation: Your body sometimes deteriorates upon
                  | taking damage. [Xom's mischief]
  8188 | D:7      | Gained mutation: Your body often deteriorates upon taking
                  | damage. [Xom's mischief]
  8188 | D:7      | Gained mutation: You are clumsy. (Dex -2) [Xom's mischief]
  8398 | D:8      | XOM: severe Tmut miscast
  8535 | D:8      | Found the +8 salamander hide armour {+Fog rF++ rC-}
  8617 | D:8      | Noticed a manticore
  8625 | D:8      | Killed a manticore
  8643 | D:8      | Noticed Maurice
  8644 | D:8      | Was placed under penance by Cheibriados
  8716 | D:8      | Was forgiven by Cheibriados
  8736 | D:8      | Killed Maurice
  8783 | D:8      | XOM: summons 5 hostile demons
  9050 | D:8      | XOM: noise
  9153 | D:8      | XOM: give mutation
  9153 | D:8      | Gained mutation: You are frail. (-10% HP) [Xom's mischief]
  9327 | D:9      | Noticed a centaur warrior
  9632 | D:9      | Reached ** piety under Cheibriados
  9768 | D:9      | Killed a centaur warrior
  9768 | D:9      | Reached XP level 11. HP: 22/98 MP: 12/14
  9844 | D:9      | XOM: mild Ice miscast
  9931 | D:9      | Reached skill level 1 in Invocations
 10077 | D:9      | XOM: confuse monster(s)
 10317 | D:9      | XOM: summons 2 hostile demons
 10493 | D:9      | XOM: noise
 10588 | D:9      | XOM: severe Ice miscast
 10689 | D:10     | Entered Level 10 of the Dungeon
 10706 | D:10     | XOM: 2-stop teleportation journey
 10713 | D:10     | Reached skill level 9 in Unarmed Combat
 10738 | D:10     | XOM: give mutations
 10738 | D:10     | Gained mutation: Scrolls take you a little longer to read.
                  | [Xom's mischief]
 10738 | D:10     | Gained mutation: You occasionally shout uncontrollably at
                  | your foes. [Xom's mischief]
 10738 | D:10     | Gained mutation: You sometimes yell uncontrollably at your
                  | foes. [Xom's mischief]
 10738 | D:10     | Gained mutation: You have sharp toenails. [Xom's mischief]
 10823 | D:10     | Noticed a cyclops
 10830 | D:10     | Hit by a large rock thrown by a cyclops

Skill      XL: |  1  2  3  4  5  6  7  8  9 10 11 |
---------------+----------------------------------+-----
Unarmed Combat | 1 2 3 4 6 7 8 9 |  9.0
Fighting       | 1 2 3 4 5 7 |  7.4
Spellcasting   | 2 3 |  3.0
Throwing       | 2 3 4 |  4.0
Evocations     | 2 3 |  3.3
Translocations | 3 4 |  4.4
Transmutations | 2 3 |  3.0
Poison Magic   | 4 |  4.9
Stealth        | 1 |  1.9
Dodging        | 1 2 3 |  3.2
Invocations    | 1 |  1.6
Hexes          | |  1.0
Necromancy     | |  1.0

Action                   |  1- 3 |  4- 6 |  7- 9 | 10-12 || total
-------------------------+-------+-------+-------+-------++-------
Melee: Unarmed           |   218 |   119 |   270 |   239 ||   846
       Punch             |     1 |       |     6 |     3 ||    10
 Fire: Blowgun           |     3 |       |       |       ||     3
Throw: Stone             |    52 |    97 |   147 |       ||   296
       Tomahawk          |       |       |    24 |       ||    24
       Javelin           |       |       |     3 |    28 ||    31
 Cast: Spider Form       |       |       |     6 |     4 ||    10
       Blink             |       |       |       |     1 ||     1
Invok: Renounce Religion |       |       |     1 |       ||     1
       Bend Time         |       |       |       |     2 ||     2
 Abil: Evoke Berserk Rag |       |       |       |     1 ||     1
       End Transformatio |       |       |       |     2 ||     2
  Use: Scroll            |     2 |     5 |     3 |     4 ||    14
       Potion            |       |       |       |     2 ||     2
 Stab: Sleeping          |       |     1 |       |     1 ||     2
       Confused          |       |       |       |     1 ||     1
  Eat: Chunk             |    17 |    14 |    15 |    23 ||    69
Armor: Skin              |    45 |    29 |    85 |    31 ||   190
Dodge: Dodged            |    62 |    44 |    87 |   210 ||   403
